 Dungeon Crawl Stone Soup version 0.19.1 (webtiles) character file.

97 zeroDi the Sneak (level 4, -4/25 HPs)
             Began as a Vine Stalker Assassin on Dec 7, 2016.
             Slain by a gnoll
             ... wielding a +0 spear
              (6 damage)
             ... on level 2 of the Dungeon.
             The game lasted 00:03:21 (1288 turns).

zeroDi the Sneak (Vine Stalker Assassin)            Turns: 1288, Time: 00:03:21

Health: -4/25      AC:  3    Str: 13    XL:     4   Next: 68%
Magic:  0/5        EV: 11    Int: 11    God:
Gold:   67         SH:  0    Dex: 17    Spells: 0 memorised, 3 levels left

rFire  . . .     SeeInvis .     a - +2 dagger
rCold  . . .     Gourm    .     c - +0 robe
rNeg   . . .     Faith    .     (no shield)
rPois  .         Spirit   +     (no helmet)
rElec  .         Reflect  .     d - +0 cloak
rCorr  .         Harm     .     (no gloves)
MR     .....                    (no boots)
Stlth  +++.......               (no amulet)
                                (no ring)
                                (no ring)

@: no status effects
A: fangs 2, regeneration 1, magic shield, antimagic bite, no device heal 3, rot
immunity
a: no special abilities


You were on level 2 of the Dungeon.
You were not hungry.

You visited 1 branch of the dungeon, and saw 2 of its levels.

You collected 67 gold pieces.


Innate Abilities, Weirdness & Mutations

You have extremely sharp teeth.
Your natural rate of healing is unusually fast.
When hurt, damage is shared between your health and your magic reserves.
Your bite disrupts and absorbs the magic of your enemies.
Potions and wands cannot restore your health.
You are immune to rotting.


   Skills:
 * Level 4.3 Fighting
 - Level 1.7 Short Blades
 - Level 1.7 Throwing
 - Level 0.7 Dodging
 - Level 4.8 Stealth


You had 3 spell levels left.
You didn't know any spells.

Inventory:

Hand Weapons
 a - a +2 dagger (weapon)
 b - a +0 blowgun
Missiles
 e - 21 poisoned needles
 f - 2 curare-tipped needles {=f}
Armour
 c - a +0 robe (worn)
 d - a +0 cloak (worn)
Jewellery
 j - a cursed -2 ring of dexterity {unknown}
Scrolls
 h - 4 scrolls of remove curse {unknown}
 i - a scroll of noise {unknown}
 l - 3 scrolls of identify {unknown}
 p - 2 scrolls of recharging {unknown}
 q - a scroll of enchant weapon {unknown}
Potions
 k - a potion of degeneration {unknown}
 m - a potion of invisibility {unknown}
 o - a potion of heal wounds {unknown}
 r - a potion of curing {unknown}
Comestibles
 g - a bread ration
 n - a meat ration
 s - 6 chunks of flesh

Dungeon Overview and Level Annotations

Branches:
Dungeon (2/15)

Altars:
Elyvilon

###.........#..# ###g# .#
##.........##.# #...# .#
#.#...........###.#.########.###
##.#####+#......##.#.g...........
.#<..# #.#......##.#.###g...(####
.###.###.#.......#.#.# #.#.......
...#.....#.....#.#...# #g#.#.#.#.
##.##...##.....#.###.###g#.......
....+...'..#####@# #.........⌠...
##.##...##.# #)# #............_
#.........# #g###..##.#...⌠...
....############rg##.÷##.#.......
###.# #.......#..##.#.#.#÷#. #.#
#.......#).##.#....... #.#
#.......'..##...###### #.#
#.......#.####### ..#
#.........###


You could see 2 gnolls and a rat.


Message History

The goblin is severely wounded.
The goblin hits you but does no damage. The gnoll barely misses you.
You miss the goblin. Your bite misses the goblin.
The goblin is severely wounded.
The goblin hits you with a club. The gnoll completely misses you.
You hit the goblin.
You kill the goblin!
The gnoll completely misses you.
The gnoll hits you from afar with a spear!
* * * LOW HITPOINT WARNING * * *
The gnoll closely misses you.
You see here a club.
You hit the gnoll but do no damage. The gnoll closely misses you.
The gnoll hits you with a spear!
* * * LOW HITPOINT WARNING * * *
You hit the gnoll. You bite the gnoll, but do no damage.
The gnoll is lightly wounded.
The gnoll completely misses you. The gnoll barely misses you.
The gnoll hits you from afar with a spear.
You die...

Action                   |  1- 3 |  4- 6 || total
-------------------------+-------+-------++-------
Melee: Dagger            |    62 |    18 ||    80
       Bite              |    13 |     3 ||    16
 Fire: Blowgun           |     2 |     6 ||     8
 Stab: Sleeping          |     6 |     1 ||     7
  Eat: Chunk             |     1 |       ||     1
Armor: Robe              |     9 |     2 ||    11
Dodge: Dodged            |    34 |    25 ||    59

Vault maps used:
D:1:      scummos_arrival_forest
D:2:      elyvilon_altar_5, minmay_misc_feat_ornament,
          nicolae_ru_the_path_less_chosen

Notes
Turn   | Place    | Note
-------+----------+-------------------------------------------
     0 | D:1      | zeroDi the Vine Stalker Assassin began the quest for the Orb.
     0 | D:1      | Reached XP level 1. HP: 11/11 MP: 2/2
    60 | D:1      | Reached skill level 2 in Fighting
   287 | D:1      | Reached XP level 2. HP: 12/16 MP: 3/3
   674 | D:2      | Reached skill level 3 in Fighting
   838 | D:2      | Reached XP level 3. HP: 12/20 MP: 4/4
  1156 | D:2      | Gained mutation: Your natural rate of healing is unusually fast. [Vine Stalker growth]
  1156 | D:2      | Reached XP level 4. HP: 24/25 MP: 5/5
  1164 | D:2      | Found a white marble altar of Elyvilon.
  1203 | D:2      | Reached skill level 4 in Fighting
  1286 | D:2      | HP: 1/25 [gnoll/spear (8)]
  1288 | D:2      | Slain by a gnoll

Vanquished Creatures
  3 gnolls (D:2)
  4 adders (D:2)
  2 dart slugs (D:1)
  4 bats
  A giant cockroach (D:2)
  5 goblins
  3 hobgoblins
  3 jackals (D:2)
  A kobold (D:1)
  A ball python (D:2)
  2 frilled lizards
  3 rats
32 creatures vanquished.
